 Dungeon Crawl Stone Soup version 0.28.0-43-g3370ac3207 (webtiles) character file.

Game seed: 7174161139387220209

6843 Woods the Martial Artist (level 11, -4/83 HPs)
             Began as a Gnoll Transmuter on Mar 31, 2022.
             Was a Believer of Cheibriados.
             Succumbed to an orc warrior's poison
             ... on level 10 of the Dungeon.
             The game lasted 00:19:39 (14647 turns).

Woods the Martial Artist (Gnoll Transmuter)        Turns: 14647, Time: 00:19:39

Health: -4/83      AC:  2    Str: 15    XL:     11   Next: 6%
Magic:  22/22      EV: 27    Int: 21    God:    Cheibriados [**....]
Gold:   388        SH:  0    Dex: 23    Spells: 13/25 levels left

rFire   . . .      SeeInvis +     - Unarmed
rCold   . . .      Faith    .   (shield currently unavailable)
rNeg    . . .      Spirit   .   (armour currently unavailable)
rPois   x          Reflect  .   (helmet currently unavailable)
rElec   .          Harm     .   (cloak currently unavailable)
rCorr   .          Rampage  .   (gloves currently unavailable)
Will    .....                   (boots currently unavailable)
Stlth   ++++......              (no amulet)
HPRegen 0.23/turn               f - ring of see invisible
MPRegen 0.18/turn               (no ring)

@: lethally poisoned (-4 -> -29), spider-form, very slow
A: venomous fangs, tiny, (fangs 1), strong nose, distributed training
a: End Transformation, Renounce Religion, Bend Time


You were on level 10 of the Dungeon.
You worshipped Cheibriados.
Cheibriados was pleased with you.
You were a venomous arachnid creature.
You visited 2 branches of the dungeon, and saw 11 of its levels.
You also visited: Ossuary.

You collected 512 gold pieces.
You spent 124 gold pieces at shops.

Inventory:

Hand Weapons
 C - a +1 falchion of flaming (melded)
Armour
 i - a +0 pair of boots (melded)
 m - a +1 cloak (melded)
 n - a +0 helmet (melded)
 D - +2 steam dragon scales (melded)
Jewellery
 f - a ring of see invisible (left front leg)
Wands
 s - a wand of acid (22)
 v - a wand of paralysis (8)
 w - a wand of polymorph (1)
Scrolls
 b - 3 scrolls of amnesia
 c - a scroll of silence {unknown}
 g - 4 scrolls of immolation
 h - a scroll of teleportation {unknown}
 j - 2 scrolls of blinking {unknown}
 o - a scroll of vulnerability {unknown}
 r - 2 scrolls of magic mapping {unknown}
 u - a scroll of fear {unknown}
 x - 4 scrolls of identify
 y - a scroll of brand weapon {unknown}
 E - 2 scrolls of noise {unknown}
 F - a scroll of enchant weapon {unknown}
Potions
 a - 2 potions of haste {unknown}
 d - a potion of magic {unknown}
 e - 2 potions of cancellation {unknown}
 k - 5 potions of curing
 l - 2 potions of heal wounds {unknown}
 p - a potion of ambrosia {unknown}
 q - 3 potions of attraction
 t - 2 potions of degeneration {unknown}
 z - 2 potions of resistance {unknown}
 A - a potion of mutation {unknown}
 B - a potion of lignification {unknown}


   Skills:
 + Level 6.5 Fighting
 + Level 5.9 Short Blades
 + Level 5.9 Long Blades
 + Level 5.9 Axes
 + Level 5.9 Maces & Flails
 + Level 5.9 Polearms
 + Level 5.9 Staves
 + Level 5.9 Slings
 + Level 5.9 Bows
 + Level 5.9 Crossbows
 + Level 5.9 Throwing
 + Level 5.9 Armour
 + Level 7.5 Dodging
 + Level 5.9 Stealth
 + Level 5.9 Shields
 + Level 8.9 Unarmed Combat
 + Level 7.8 Spellcasting
 + Level 4.9 Conjurations
 + Level 4.9 Hexes
 + Level 4.9 Summonings
 + Level 4.9 Necromancy
 + Level 4.9 Translocations
 + Level 6.3 Transmutations
 + Level 4.9 Fire Magic
 + Level 4.9 Ice Magic
 + Level 4.9 Air Magic
 + Level 4.9 Earth Magic
 + Level 4.9 Poison Magic
 + Level 6.5 Invocations
 + Level 5.9 Evocations


You had 13 spell levels left.
You knew the following spells:

 Your Spells              Type           Power      Damage    Failure   Level
a - Beastly Appendage     Tmut           68%        N/A       4%          1
b - Wereblood             Tmut           34%        N/A       4%          2
c - Spider Form           Tmut/Pois      31%        N/A       10%         3
d - Passwall              Tmut/Erth      25%        N/A       6%          2
e - Ice Form              Ice/Tmut       31%        N/A       22%         4

Your spell library contained the following spells:

 Spells                   Type           Power      Damage    Failure   Level
 Sting                    Tmut/Pois      100%       1d8       4%          1
 Pain                     Necr           100%       1d9       5%          1
 Ensorcelled Hibernation  Hex/Ice        56%        N/A       7%          2
 Poisonous Vapours        Pois/Air       56%        N/A       7%          2
 Sublimation of Blood     Necr           28%        N/A       7%          2
 Ignite Poison            Fire/Tmut/Pois 30%        N/A       10%         3
 Mephitic Cloud           Conj/Pois/Air  28%        N/A       11%         3
 Swiftness                Air            28%        N/A       11%         3
 Olgreb's Toxic Radiance  Pois           28%        N/A       26%         4
 Agony                    Necr           28%        N/A       52%         5
 Excruciating Wounds      Necr           14%        N/A       52%         5
 Freezing Cloud           Conj/Ice/Air   14%        6-21      52%         5
 Conjure Ball Lightning   Conj/Air       14%        3x3d6     95%         6
 Summon Hydra             Summ           14%        N/A       100%        7
 Discord                  Hex            14%        N/A       100%        8
 Disjunction              Tloc           14%        N/A       100%        8


Dungeon Overview and Level Annotations

Branches:
Dungeon (10/15)            Temple (1/1) D:5            Lair (0/6) D:10
Ossuary (visited)
    Orc: D:9-12

Altars:
Cheibriados
Dithmenos
Kikubaaqudgha
Okawaru
Qazlal
Sif Muna
Vehumet
Xom
Zin

Shops:
D:2 =*!   D:4 =   D:7 =   D:8 (   D:9 ((***

Annotations:
D:7 3 runed translucent doors, exclusion: skeletal warrior, Modestlyawesome's ghost, novice DsMo
D:8 3 runed translucent doors, exclusion: rakshasa, GloriousHammer's ghost, novice HOMo


Innate Abilities, Weirdness & Mutations

You are a venomous arachnid creature.
You have poisonous fangs.
You are tiny and dextrous.
Your spellcasting is less reliable in this form.
Your armour is entirely melded.
You are incapable of wielding weapons or throwing items.
((You have very sharp teeth.))
Your uncanny sense of smell can sniff out nearby items.
Your experience applies equally to all skills.


Message History

The yak is severely wounded.
The yak gores you. The orc completely misses you.
You hit the yak.
The yak looks as sick as possible!
The yak is almost dead.
The yak misses you.
A yak comes into view.
You hit the yak.
You kill the yak!
Cheibriados appreciates the change of pace.
The orc completely misses you.
The orc warrior hits you from afar with a +0 spear of venom!
You are poisoned.
The yak completely misses you. The orc completely misses you.
The orc warrior completely misses you. The yak completely misses you.
You see here a yak corpse.
You bite the yak!
The yak is moderately wounded.
You feel very sick. The orc barely misses you.
The orc warrior completely misses you.
You hit the yak.
The yak is heavily wounded.
You feel sick. The yak misses you.
You hit the yak but do no damage.
The yak is poisoned.
The yak is heavily wounded.
You feel very sick. The orc misses you.
The orc warrior hits you from afar with a +0 spear of venom!
You are lethally poisoned!
The yak misses you.
You feel extremely sick. The yak completely misses you.
* * * LOW HITPOINT WARNING * * *
You feel extremely sick.
* * * LOW HITPOINT WARNING * * *
You feel extremely sick. The yak gores you.
* * * LOW HITPOINT WARNING * * *
* * * LOW HITPOINT WARNING * * *
You feel extremely sick.
You die...

#....o#..#######...##.
#....YY# ........#....
#.####o#############..
#.o†...#### #..
#..###....######..
#.o#.............# ∆
#.Y.......>......#
###................
#.s................
#.###..............
#####.######.....>.....
#.....##...'....^....#.
#.###.##.###.........'.
#.######.# #.........#.
#........# #.........##
#..###################
#..# #.....#


You could see 2 yaks, an orc warrior and 2 orcs.

Vanquished Creatures
  A hydra (D:8)
  Maggie (D:8)
  A hornet (D:7)
  A wraith (D:7)
  17 yaks
  Grum (D:9)
  2 water moccasins
  An ice beast (D:5)
  An orc warrior (D:8)
  A sky beast (D:7)
  A hornet zombie (D:7)
  2 black bears
  2 wolves (D:8)
  An ogre (D:5)
  A centaur (D:8)
  2 phantoms
  An elf zombie (Ossuary)
  4 scorpions
  A bullfrog (D:3)
  A wyvern zombie (D:6)
  A water moccasin skeleton (D:4)
  4 killer bees (D:9)
  5 wights
  3 hounds
  A bullfrog zombie (D:7)
  3 centaur zombies
  A human zombie (Ossuary)
  Crazy Yiuf (D:5)
  2 bullfrog skeletons (D:6)
  5 orc priests
  A jelly (D:5)
  3 centaur skeletons
  4 orc wizards
  2 iguanas (D:5)
  A killer bee zombie (D:7)
  A hound skeleton (D:5)
  3 howler monkey zombies
  2 howler monkey skeletons
  3 adders
  A shadow imp (D:5)
  A white imp (D:8)
  2 adder zombies (Ossuary)
  2 worms
  A dart slug (D:3)
  12 orcs
  7 endoplasms
  2 giant cockroaches
  4 goblins
  7 hobgoblins
  2 quokkas
  5 ball pythons
  2 bats
  3 frilled lizards
  A goblin zombie (Ossuary)
  12 hobgoblin zombies (Ossuary)
  A jackal zombie (Ossuary)
  6 kobolds
  4 kobold zombies (Ossuary)
  8 orc zombies (Ossuary)
  12 rats
  3 rat zombies (Ossuary)
187 creatures vanquished.

Vanquished Creatures (collateral kills)
  A mummy (Ossuary)
  An adder zombie (Ossuary)
  A hobgoblin zombie (Ossuary)
3 creatures vanquished.

Vanquished Creatures (others)
  A mummy (Ossuary)
  A plant (D:8)
2 creatures vanquished.

Grand Total: 192 creatures vanquished

Notes
Turn   | Place    | Note
-------+----------+-------------------------------------------
     0 | D:1      | Woods the Gnoll Transmuter began the quest for the Orb.
     0 | D:1      | Reached XP level 1. HP: 17/17 MP: 6/6
   287 | D:1      | Reached XP level 2. HP: 22/23 MP: 5/7
   313 | D:1      | Learned a level 2 spell: Wereblood
   875 | D:2      | Reached XP level 3. HP: 27/28 MP: 9/9
   879 | D:2      | Found Xeasch's Distillery.
   893 | D:2      | Reached skill level 5 in Spellcasting
  1113 | D:2      | Learned a level 3 spell: Spider Form
  1139 | D:2      | Reached skill level 1 in Invocations
  1216 | D:2      | Found Rumpoluu's Jewellery Emporium.
  1254 | D:2      | Found Pekiob's Assorted Antiques.
  1470 | D:2      | Found a shimmering altar of Xom.
  1645 | D:3      | Noticed an orc warrior
  1824 | D:3      | Reached skill level 1 in Short Blades
  1824 | D:3      | Reached skill level 1 in Long Blades
  1824 | D:3      | Reached skill level 1 in Axes
  1824 | D:3      | Reached skill level 1 in Maces & Flails
  1824 | D:3      | Reached skill level 1 in Polearms
  1824 | D:3      | Reached skill level 1 in Staves
  1824 | D:3      | Reached skill level 1 in Slings
  1824 | D:3      | Reached skill level 1 in Bows
  1824 | D:3      | Reached skill level 1 in Crossbows
  1824 | D:3      | Reached skill level 1 in Throwing
  1824 | D:3      | Reached skill level 1 in Armour
  1824 | D:3      | Reached skill level 1 in Stealth
  1824 | D:3      | Reached skill level 1 in Shields
  1824 | D:3      | Reached skill level 1 in Evocations
  1824 | D:3      | Reached XP level 4. HP: 34/34 MP: 3/11
  1828 | D:3      | Reached skill level 1 in Conjurations
  1828 | D:3      | Reached skill level 1 in Hexes
  1828 | D:3      | Reached skill level 1 in Summonings
  1828 | D:3      | Reached skill level 1 in Necromancy
  1828 | D:3      | Reached skill level 1 in Translocations
  1828 | D:3      | Reached skill level 1 in Fire Magic
  1828 | D:3      | Reached skill level 1 in Ice Magic
  1828 | D:3      | Reached skill level 1 in Air Magic
  1828 | D:3      | Reached skill level 1 in Earth Magic
  1828 | D:3      | Reached skill level 1 in Poison Magic
  2043 | D:3      | Noticed a bullfrog
  2047 | D:3      | Killed a bullfrog
  2048 | D:3      | Reached XP level 5. HP: 35/41 MP: 8/12
  2950 | D:3      | Reached XP level 6. HP: 44/47 MP: 9/13
  3328 | D:4      | Found a sand-covered staircase.
  3333 | Ossuary  | Entered an ossuary
  3605 | Ossuary  | Reached skill level 5 in Dodging
  4026 | Ossuary  | Reached XP level 7. HP: 52/52 MP: 12/15
  4161 | D:4      | Reached skill level 7 in Unarmed Combat
  4888 | D:4      | Found Nuebb's Jewellery Shop.
  5584 | D:5      | Entered Level 5 of the Dungeon
  6174 | D:5      | Found a staircase to the Ecumenical Temple.
  6192 | D:5      | Found a runed translucent door.
  6193 | D:5      | Noticed Crazy Yiuf
  6222 | Temple   | Entered the Ecumenical Temple
  6265 | Temple   | Became a worshipper of Cheibriados the Contemplative
  6693 | D:5      | Was placed under penance by Cheibriados
  6707 | D:5      | Reached XP level 8. HP: 10/60 MP: 13/16
  7003 | D:5      | Was forgiven by Cheibriados
  7588 | D:5      | Killed Crazy Yiuf
  8362 | D:6      | Reached skill level 5 in Transmutations
  8362 | D:6      | Reached XP level 9. HP: 44/66 MP: 18/18
  8800 | D:7      | Reached * piety under Cheibriados
  8976 | D:7      | Noticed a skeletal warrior
  9235 | D:7      | Found the +5 scythe "Finisher" {speed, eviscerate}
  9252 | D:7      | Noticed a hornet
  9263 | D:7      | Killed a hornet
  9264 | D:7      | Reached skill level 5 in Fighting
  9773 | D:7      | Reached skill level 8 in Unarmed Combat
  9784 | D:7      | HP: 3/68 [poisoned by a water moccasin]
 10133 | D:7      | Learned a level 2 spell: Passwall
 10138 | D:7      | Learned a level 4 spell: Ice Form
 10180 | D:7      | Found Fuffogro's Jewellery Shop.
 10304 | D:7      | Found a runed translucent gate.
 10304 | D:7      | Found a runed translucent gate.
 10305 | D:7      | Found a runed translucent gate.
 10312 | D:7      | Noticed Modestlyawesome's ghost (novice DsMo)
 10573 | D:8      | Reached skill level 5 in Invocations
 10799 | D:8      | Noticed GloriousHammer's ghost (novice HOMo)
 11103 | D:8      | Reached XP level 10. HP: 55/74 MP: 20/20
 11254 | D:8      | Found a runed translucent gate.
 11254 | D:8      | Found a runed translucent gate.
 11254 | D:8      | Found a runed translucent gate.
 11329 | D:8      | Found Qynnigu's Hydra Hut.
 11334 | D:8      | Noticed an eight-headed hydra
 11352 | D:8      | Noticed a rakshasa
 11446 | D:8      | Found an ancient bone altar of Kikubaaqudgha.
 11448 | D:8      | Found a shimmering blue altar of Sif Muna.
 11670 | D:8      | Noticed a four-headed hydra
 11705 | D:8      | Bought a +1 falchion of flaming for 124 gold pieces
 11770 | D:8      | Killed a one-headed hydra
 11771 | D:8      | Reached skill level 5 in Short Blades
 11771 | D:8      | Reached skill level 5 in Long Blades
 11771 | D:8      | Reached skill level 5 in Axes
 11771 | D:8      | Reached skill level 5 in Maces & Flails
 11771 | D:8      | Reached skill level 5 in Polearms
 11771 | D:8      | Reached skill level 5 in Staves
 11771 | D:8      | Reached skill level 5 in Slings
 11771 | D:8      | Reached skill level 5 in Bows
 11771 | D:8      | Reached skill level 5 in Crossbows
 11771 | D:8      | Reached skill level 5 in Throwing
 11771 | D:8      | Reached skill level 5 in Armour
 11771 | D:8      | Reached skill level 5 in Stealth
 11771 | D:8      | Reached skill level 5 in Shields
 11771 | D:8      | Reached skill level 5 in Evocations
 12197 | D:9      | Found Fiantul's Weapon Emporium.
 12201 | D:9      | Noticed Maggie
 12206 | D:9      | Noticed Grum
 12495 | D:8      | Killed Maggie
 12985 | D:9      | Killed Grum
 12985 | D:9      | Reached ** piety under Cheibriados
 13119 | D:9      | Found Latiz's Weapon Shop.
 13186 | D:9      | Found a shadowy altar of Dithmenos.
 13189 | D:9      | Found an iron altar of Okawaru.
 13240 | D:9      | Found Uxuhec's General Store.
 13256 | D:9      | Found Wuexeent's Assorted Antiques.
 13371 | D:9      | Found Lolurix's Assorted Antiques.
 14332 | D:10     | Entered Level 10 of the Dungeon
 14383 | D:10     | Reached XP level 11. HP: 66/83 MP: 20/22
 14524 | D:10     | Found a staircase to the Lair.
 14646 | D:10     | HP: 2/83 [poisoned by an orc warrior]
 14647 | D:10     | Succumbed to an orc warrior's poison

Illustrated notes

Levels and vault maps discovered:
D:1:      dpeg_cavernosity, layout_rooms
D:2:      layout_rooms, basic_altar, serial_shops, nicolae_diamond_shop,
          nicolae_shop_crystal, nicolae_shop_advertising_works
          [nicolae_subvault_shop_adworks], minmay_circle_x
D:3:      layout_basic, st_stairs_14
D:4:      layout_basic, enter_ossuary_2, serial_shops, kennysheep_little_box
D:5:      layout_loops_ring, minmay_temple_entry_glassed_door,
          uniq_crazy_yiuf_cottage
D:6:      layout_loops_cross, feat_on_display
D:7:      layout_basic, gammafunk_ghost_necromancy, serial_shops,
          nicolae_square_shop, minmay_guarded_unrand_finisher
D:8:      layout_basic, nicolae_overflow_hidden_temple, gammafunk_ghost_icy,
          doesnt_shop_hydraphobe
D:9:      layout_roguey, jmf_multi_god_temple, serial_shops,
          nicolae_shop_statue_plus, shop, nicolae_shop_window_shopping, shop,
          nicolae_shop_statue_plus, uniq_grum, uniq_maggie
D:10:     minmay_the_grid_octo_triangle [minmay_the_grid_octo_shrine,
          minmay_the_grid_octo_prize_star, minmay_the_grid_octo_toaster],
          layout_basic, lair_entry_dummy, nicolae_shop_overcharged_wands
Temple:   dpeg_five_rooms_temple

Skill      XL: |  1  2  3  4  5  6  7  8  9 10 |
---------------+-------------------------------+-----
Spellcasting   | 5 6 7 |  7.8
Invocations    | 1 2 3 4 5 6 |  6.5
Short Blades   | 1 2 3 4 5 |  5.9
Long Blades    | 1 2 3 4 5 |  5.9
Axes           | 1 2 3 4 5 |  5.9
Maces & Flails | 1 2 3 4 5 |  5.9
Polearms       | 1 2 3 4 5 |  5.9
Staves         | 1 2 3 4 5 |  5.9
Slings         | 1 2 3 4 5 |  5.9
Bows           | 1 2 3 4 5 |  5.9
Crossbows      | 1 2 3 4 5 |  5.9
Throwing       | 1 2 3 4 5 |  5.9
Armour         | 1 2 3 4 5 |  5.9
Stealth        | 1 2 3 4 5 |  5.9
Shields        | 1 2 3 4 5 |  5.9
Evocations     | 1 2 3 4 5 |  5.9
Conjurations   | 1 2 3 4 |  4.9
Hexes          | 1 2 3 4 |  4.9
Summonings     | 1 2 3 4 |  4.9
Necromancy     | 1 2 3 4 |  4.9
Translocations | 1 2 3 4 |  4.9
Fire Magic     | 1 2 3 4 |  4.9
Ice Magic      | 1 2 3 4 |  4.9
Air Magic      | 1 2 3 4 |  4.9
Earth Magic    | 1 2 3 4 |  4.9
Poison Magic   | 1 2 3 4 |  4.9
Fighting       | 3 4 5 6 |  6.5
Transmutations | 4 5 6 |  6.3
Dodging        | 5 6 7 |  7.5
Unarmed Combat | 7 8 |  8.9

Action                   |  1- 3 |  4- 6 |  7- 9 | 10-12 || total
-------------------------+-------+-------+-------+-------++-------
Melee: Unarmed           |    94 |   118 |   339 |   127 ||   678
       Kick              |     9 |    24 |    57 |    13 ||   103
       Headbutt          |     7 |    10 |    54 |     9 ||    80
       Punch             |     4 |       |     7 |       ||    11
       Bite              |       |     5 |    35 |     4 ||    44
       Falchion          |       |       |       |    34 ||    34
 Cast: Beastly Appendage |    16 |    12 |    33 |     5 ||    66
       Spider Form       |     1 |     2 |    15 |    10 ||    28
       Wereblood         |       |     4 |       |     3 ||     7
 Abil: End Transformatio |       |       |     2 |     1 ||     3
  Use: Scroll            |       |       |     4 |       ||     4
 Stab: Sleeping          |     3 |     2 |     6 |       ||    11
Armor: Robe              |     7 |    18 |    25 |     2 ||    52
       Skin              |       |     2 |     3 |     1 ||     6
       Steam dragon scal |       |       |       |     7 ||     7
Dodge: Dodged            |    53 |    70 |   244 |   165 ||   532
